 Dungeon Crawl Stone Soup version 0.21.1-1-g345015fe64 (webtiles) character file.

95 JarielCorvus the Magician (level 4, 0/24 HPs)
             Began as a Deep Elf Fire Elementalist on July 5, 2018.
             Slain by an orc wizard
             ... wielding a +0 dagger
              (3 damage)
             ... on level 3 of the Dungeon.
             The game lasted 00:04:10 (2011 turns).

JarielCorvus the Magician (DEFE)                    Turns: 2011, Time: 00:04:11

Health: 0/24       AC:  2    Str:  5    XL:     4   Next: 39%
Magic:  6/13       EV: 13    Int: 21    God:
Gold:   120        SH:  0    Dex: 15    Spells: 4/13 levels left

rFire    . . .     SeeInvis .   i - +0 hunting sling
rCold    . . .     Gourm    .   (no shield)
rNeg     . . .     Faith    .   a - +0 robe
rPois    .         Spirit   .   (no helmet)
rElec    .         Reflect  .   (no cloak)
rCorr    .         Harm     .   (no gloves)
MR       .....                  (no boots)
Stlth    ++........             (no amulet)
HPRegen  0.08/turn              (no ring)
MPRegen  0.13/turn              (no ring)

@: no status effects
A: no striking features
a: no special abilities


You were on level 3 of the Dungeon.
You were not hungry.

You visited 1 branch of the dungeon, and saw 3 of its levels.

You collected 120 gold pieces.

Inventory:

Hand Weapons
 i - a +0 hunting sling (weapon)
Missiles
 j - 16 stones (quivered)
Armour
 a - a +0 robe (worn)
 f - a +2 hat
Scrolls
 d - a scroll of amnesia
Potions
 g - a potion of degeneration {unknown}
 h - a potion of lignification {unknown}
 k - a potion of heal wounds {unknown}
Books
 b - a book of Flames

   Spells                             Type                      Level
   a - Flame Tongue                   Conjuration/Fire             1
   b - Throw Flame                    Conjuration/Fire             2
   c - Conjure Flame                  Conjuration/Fire             3
   d - Inner Flame                    Hexes/Fire                   3
   e - Sticky Flame                   Conjuration/Fire             4
   f - Fireball                       Conjuration/Fire             5
Comestibles
 c - 5 rations


   Skills:
 - Level 2.4 Dodging
 - Level 2.4 Stealth
 * Level 5.0 Spellcasting
 + Level 2.4 Conjurations
 + Level 4.0 Fire Magic


You had 4 spell levels left.
You knew the following spells:

 Your Spells              Type           Power        Failure   Level  Hunger
a - Flame Tongue          Conj/Fire      ###..        2%          1    None
b - Throw Flame           Conj/Fire      ###...       4%          2    None
c - Conjure Flame         Conj/Fire      ###.....     9%          3    ##.....
d - Inner Flame           Hex/Fire       ##......     14%         3    ##.....


Dungeon Overview and Level Annotations

Branches:
Dungeon (3/15)

Altars:
Gozag
Makhleb
Nemelex Xobeh
The Shining One


Message History

Press: ? - help, Shift-Dir - straight line, f/p - orc priest
Aim: an orc priest, wielding a dagger (heavily wounded)
The flame tongue hits the orc priest.
You kill the orc priest!
Your Spellcasting skill increases to level 5!
Your Fire Magic skill increases to level 4!
You have reached level 4!
You feel clever.
Casting: Flame Tongue
Confirm with . or Enter, or press ? or * to list all spells.
Aiming: Flame Tongue
Press: ? - help, Shift-Dir - straight line Something hits you.
* * * LOW HITPOINT WARNING * * *
Casting: Flame Tongue
Confirm with . or Enter, or press ? or * to list all spells.
Aiming: Flame Tongue
Press: ? - help, Shift-Dir - straight line Something hits you.
You die...

### .....## #.# #..
(o....# #.# #.# (.....#
#.# #.# ......# #.# #@#
).....# #.# #{# (...# ###
#.# #.###†.#
..#####)########......#
......................#
..........................
#########.######.#.#######
#.# #.#.# #.# #...#


There were no monsters in sight!

Vanquished Creatures
  An orc priest (D:3)
  2 adders (D:2)
  3 worms (D:2)
  A dart slug (D:2)
  A leopard gecko (D:1)
  An orc (D:3)
  5 bats
  3 giant cockroaches
  5 goblins
  4 hobgoblins
  2 jackals (D:3)
  A frilled lizard (D:3)
  3 kobolds
  3 rats
35 creatures vanquished.

Notes
Turn   | Place    | Note
-------+----------+-------------------------------------------
     0 | D:1      | JarielCorvus the Deep Elf Fire Elementalist began the quest for the Orb.
     0 | D:1      | Reached XP level 1. HP: 10/10 MP: 6/6
   493 | D:1      | Reached XP level 2. HP: 15/15 MP: 5/8
   497 | D:1      | Learned a level 2 spell: Throw Flame
   908 | D:2      | Reached skill level 4 in Spellcasting
   924 | D:2      | Reached XP level 3. HP: 19/19 MP: 4/10
   929 | D:2      | Learned a level 3 spell: Conjure Flame
   933 | D:2      | Learned a level 3 spell: Inner Flame
  1603 | D:2      | Found a sparkling altar of Nemelex Xobeh.
  1606 | D:2      | Found a glowing golden altar of the Shining One.
  1609 | D:2      | Found a burning altar of Makhleb.
  1612 | D:2      | Found an opulent altar of Gozag.
  2009 | D:3      | Reached skill level 5 in Spellcasting
  2009 | D:3      | Reached XP level 4. HP: 7/24 MP: 7/13
  2011 | D:3      | Slain by an orc wizard

Skill      XL: |  1  2  3 |
---------------+----------+-----
Spellcasting   | 4 5 |  5.0
Conjurations   | 2 |  2.4
Fire Magic     | 4 |  4.0
Dodging        | |  2.4
Stealth        | |  2.4

Action                   |  1- 3 |  4- 6 || total
-------------------------+-------+-------++-------
 Fire: Hunting sling     |     8 |       ||     8
 Cast: Flame Tongue      |    56 |     3 ||    59
       Throw Flame       |    12 |       ||    12
  Use: Scroll            |     6 |       ||     6
  Eat: Chunk             |     3 |       ||     3
Armor: Robe              |     7 |       ||     7
Dodge: Dodged            |    12 |       ||    12
